 Dungeon Crawl Stone Soup version 0.27.0-1-g7a089689b8 (webtiles) character file.

Game seed: 18275290553995005568

2 Brandom the Grave Robber (level 1, 0/14 HPs)
             Began as a Merfolk Necromancer on Aug 7, 2021.
             Killed from afar by a dart slug (6 damage)
             ... with a slug dart
             ... on level 1 of the Dungeon.
             The game lasted 00:00:42 (350 turns).

Brandom the Grave Robber (Merfolk Necromancer)       Turns: 350, Time: 00:00:43

Health: 0/14       AC:  2    Str:  8    XL:     1   Next: 30%
Magic:  0/3        EV: 12    Int: 14    God:
Gold:   0          SH:  0    Dex: 14    Spells: 3/4 levels left

rFire    . . .     SeeInvis .   (no weapon)
rCold    . . .     Faith    .   (no shield)
rNeg     . . .     Spirit   .   a - +0 robe
rPois    .         Reflect  .   (no helmet)
rElec    .         Harm     .   (no cloak)
rCorr    .         Rampage  .   (no gloves)
Will     .....                  (no boots)
Stlth    ++........             (no amulet)
HPRegen  0.04/turn              (no ring)
MPRegen  0.08/turn              (no ring)

@: no status effects
A: (nimble swimmer 2), mertail
a: no special abilities


You were on level 1 of the Dungeon.
You visited 1 branch of the dungeon, and saw 1 of its levels.

Inventory:

Armour
 a - a +0 robe (worn)


   Skills:
 * Level 0.3 Fighting
 + Level 2.7 Dodging
 - Level 2.1 Stealth
 - Level 2.0 Spellcasting
 + Level 3.2 Necromancy


You had 3 spell levels left.
You knew the following spells:

 Your Spells              Type           Power      Damage    Failure   Level
a - Pain                  Necr           40%        1d6       6%          1

Your spell library contained the following spells:

 Spells                   Type           Power      Damage    Failure   Level
 Animate Skeleton         Necr           20%        N/A       6%          1
 Vampiric Draining        Necr           5%         2d6       19%         3
 Animate Dead             Necr           5%         N/A       52%         4
 Agony                    Necr           10%        N/A       86%         5


Dungeon Overview and Level Annotations

Branches:
Dungeon (1/15)

Altars:


Innate Abilities, Weirdness & Mutations

((You are quick and stealthy near water. (Stealth+, EV+, Speed+++)))
Your lower body shifts to a powerful aquatic tail in water.


Message History

Aim: a hobgoblin (asleep, chance to affect: 78%)
The hobgoblin writhes in agony.
Aim: a hobgoblin (moderately wounded, chance to affect: 78%)
The hobgoblin writhes in agony.
Aim: a hobgoblin (heavily wounded, chance to affect: 78%)
The hobgoblin writhes in agony.
You don't have enough magic to cast this spell.
Unknown command.
You closely miss the hobgoblin. The hobgoblin barely misses you.
You closely miss the hobgoblin. The hobgoblin hits you.
You hit the hobgoblin but do no damage. The hobgoblin closely misses you.
You closely miss the hobgoblin. The hobgoblin barely misses you.
Aim: a hobgoblin (heavily wounded, chance to affect: 78%)
The hobgoblin writhes in agony.
The hobgoblin misses you. The hobgoblin barely misses you.
The hobgoblin hits you.
* * * LOW HITPOINT WARNING * * *
Aim: a hobgoblin (severely wounded, chance to affect: 78%)
The hobgoblin writhes in agony.
You kill the hobgoblin!
You start resting.
A ball python comes into view.
The ball python hisses angrily.
The ball python bites you. The ball python closely misses you.
Aim: a ball python (chance to affect: 78%)
The ball python writhes in agony.
You kill the ball python!
You see here a ball python corpse.
A dart slug comes into view.
Aim: a dart slug (chance to affect: 78%)
You miscast Pain.
You are very lightly contaminated with residual magic.
Nothing appears to happen.
Aim: a dart slug (chance to affect: 78%)
The dart slug writhes in agony.
The dart slug launches a dart at you. The slug dart misses you.
Aim: a dart slug (moderately wounded, chance to affect: 78%)
The dart slug writhes in agony.
The dart slug bites you.
You hit the dart slug but do no damage. The dart slug bites you.
* * * LOW HITPOINT WARNING * * *
You hit the dart slug but do no damage. The dart slug closely misses you.
You hit the dart slug but do no damage.
Your magical contamination has completely faded away.
You hit the dart slug but do no damage. The dart slug bites you.
* * * LOW HITPOINT WARNING * * *
The dart slug launches a dart at you. The slug dart hits you.
You die...

### ###.# #...#
###.#.# #..†..##
#.#.#..#########
#.#.##.@.w......
#.#.##.####+####
..#.##.#
#######.#..#
...........#
....####.#.# ..
#..#.#.#
+...÷#.#
#.<#...#


You could see a dart slug.

Vanquished Creatures
  A hobgoblin (D:1)
  A ball python (D:1)
2 creatures vanquished.

Notes
Turn   | Place    | Note
-------+----------+-------------------------------------------
     0 | D:1      | Brandom the Merfolk Necromancer began the quest for the
                  | Orb.
     0 | D:1      | Reached XP level 1. HP: 13/13 MP: 3/3
   350 | D:1      | Killed from afar by a dart slug

Illustrated notes

Levels and vault maps discovered:
D:1:      dpeg_arrival_ratfight, layout_basic,
          hellmonk_ecumenical_altar_inner_sanctum

Action                   || total
-------------------------++-------
Melee: Unarmed           ||     8
 Cast: Pain              ||     8
Dodge: Dodged            ||     8
